 Dungeon Crawl Stone Soup version 0.18.1-48-g4cf74bf (webtiles) character file.

197653 Mesmaeker13 the Warrior (level 18, -4/231 HPs)
             Began as an Ogre Gladiator on Aug 5, 2016.
             Was the Champion of Makhleb.
             Slain by a deep troll (7 damage)
             ... on level 1 of the Depths on Aug 7, 2016.
             The game lasted 02:17:39 (35761 turns).

Mesmaeker13 the Warrior (Ogre Gladiator)           Turns: 35761, Time: 02:17:40

Health: -4/231     AC: 19    Str: 29    XL:     18   Next: 86%
Magic:  29/29      EV: 14    Int:  8    God:    Makhleb [******]
Gold:   2351       SH:  0    Dex: 15    Spells: 0 memorised, 17 levels left

rFire  x . .     SeeInvis .     S - +5 giant spiked club
rCold  + + +     Gourm    .     s - +2 ice dragon armour
rNeg   . . .     Faith    .     (shield currently unavailable)
rPois  .         Spirit   .     z - +0 hat
rElec  .         Dismiss  .     g - +0 cloak
rCorr  .         Reflect  .     (gloves unavailable)
SustAt .         Harm     .     (boots unavailable)
MR     +....                    W - amulet of regeneration
Stlth  ..........               B - +4 ring of evasion
                                a - +3 ring of slaying

@: somewhat resistant to hostile enchantments, extremely unstealthy
A: unfitting armour, cold resistance 1, robust 1, strong 2, tough skin 1
a: Minor Destruction, Lesser Servant of Makhleb, Major Destruction, Greater
Servant of Makhleb, Renounce Religion


You were on level 1 of the Depths.
You worshipped Makhleb.
Makhleb was exalted by your worship.
You were very hungry.

You visited 6 branches of the dungeon, and saw 32 of its levels.

You collected 3491 gold pieces.
You spent 1140 gold pieces at shops.

Inventory:

Hand Weapons
 c - a +0 dire flail of crushing
 S - a +5 giant spiked club (weapon)
Missiles
 n - 39 large rocks (quivered)
Armour
 g - a +0 cloak (worn)
 s - a +2 ice dragon armour (worn)
 y - the +6 large shield of Divine Compulsion {Regen+ rCorr Dex-3 SInv}
   (You found it on level 8 of the Dungeon)

   It affects your dexterity (-3).
   It lets you see invisible.
   It increases your rate of regeneration.
   It protects you from acid and corrosion.
 z - a +0 hat (worn)
Jewellery
 a - a +3 ring of slaying (left hand)
 k - an uncursed ring of sustain attributes
 t - an uncursed ring of protection from magic
 B - a +4 ring of evasion (right hand)
 E - an uncursed amulet of guardian spirit
 W - an amulet of regeneration (around neck)
Wands
 f - a wand of iceblast (1/15)
 w - a wand of teleportation (0/9)
Scrolls
 d - a scroll of amnesia
 p - 4 scrolls of remove curse
 v - a scroll of summoning
 D - 7 scrolls of fear
 L - 3 scrolls of fog
 Q - 5 scrolls of magic mapping
 X - 3 scrolls of teleportation
Potions
 b - 3 potions of might
 e - 5 potions of agility
 j - a potion of heal wounds
 o - 4 potions of curing
 u - a potion of resistance
 A - 3 potions of flight
 K - 2 potions of cancellation
 T - 4 potions of haste
 V - 2 potions of magic
Comestibles
 h - 3 slices of pizza
 m - a bread ration


   Skills:
 + Level 20.0 Fighting
 + Level 19.3 Maces & Flails
 + Level 8.0 Throwing
 + Level 13.4 Armour
 - Level 4.1 Dodging
 - Level 9.4 Shields
 - Level 15.1 Invocations


You had 17 spell levels left.
You didn't know any spells.

Dungeon Overview and Level Annotations

Branches:
Dungeon (15/15)            Temple (0/1) D:5            Lair (8/8) D:10
  Swamp (4/4) Lair:6       Spider (0/4) Lair:3        Slime (0/6) Lair:6
    Orc (2/2) D:12            Elf (1/3) Orc:2        Vaults (0/5) D:13
 Depths (2/5) D:15

Altars:
Ashenzari
Cheibriados
Dithmenos
Elyvilon
Fedhas
Gozag
Makhleb
Nemelex Xobeh
Okawaru
Sif Muna
Trog
Yredelemnul
Zin
Jiyva

Shops:
D:6 !   D:11 =   Orc:1 !   Orc:2 (=[*

Portals:
Hell: Depths:1
Abyss: Depths:1
Pandemonium: Depths:1 Depths:2
Trove: D:10 (give 3 potions of resistance)

Annotations:
Swamp:4 Lernaean hydra


Innate Abilities, Weirdness & Mutations

You are too large for most types of armour.
You have tough skin (AC +1).
Your flesh is cold resistant.
You are robust (+10% HP).
Your muscles are very strong. (Str +4)


Message History

* * * LOW HITPOINT WARNING * * *
The deep troll misses you.
The deep troll claws you but does no damage.
You closely miss the deep troll. The deep troll bites you!
* * * LOW HITPOINT WARNING * * *
The deep troll barely misses you. The deep troll completely misses you.
You closely miss the deep troll. The deep troll closely misses you.
The deep troll claws you!
* * * LOW HITPOINT WARNING * * *
The deep troll claws you but does no damage.
You beat the deep troll like a drum!!!
The deep troll is almost dead.
The deep troll bites you.
* * * LOW HITPOINT WARNING * * *
The deep troll claws you but does no damage.
The deep troll barely misses you.
You closely miss the deep troll.
The deep troll is almost dead.
The deep troll bites you!
You die...

##########################
#..............).........#
#...♣♣♣♣♣♣♣♣♣............# ###
#...♣ ♣............# #.. #...♣
♣............# #.# #...♣
♣............# #.# '...♣
♣............######.#
#(..♣♣♣♣♣♣♣♣♣.......)....'......#
#..∩............@..<.....########
(.............>.†T.........######
...........................'....#
...........................####..
...........................# ###
...........................#
...........................#
.........?.................#
...........................#


You could see a deep troll.

Vanquished Creatures
  Rupert (Lair:7)
  A tentacled monstrosity (Swamp:3)
  A lich (Depths:1)
  Gastronok (Lair:3)
  5 thorn hunters
  A tengu reaver (D:15)
  Kirke (D:15)
  2 fire giants
  2 frost giants (D:15)
  2 orc warlords
  5 stone giants
  Azrael (D:14)
  Snorg (D:13)
  A crystal guardian (D:13)
  A fire dragon (D:15)
  2 yaktaur captains (D:15)
  2 ettins (Depths:1)
  A great orb of eyes (Depths:1)
  A rakshasa (D:15)
  21 hydras
  Erica (Lair:1)
  5 ice dragons
  An ogre mage (Depths:1)
  2 catoblepae (D:15)
  Harold (Lair:4)
  A death knight (D:12)
  9 alligators
  A tengu warrior (Depths:1)
  11 centaur warriors
  A dancing weapon (Elf:1)
  A deep troll shaman (Depths:1)
  2 orc high priests
  4 death yaks (Lair:7)
  A deep troll earth mage (Depths:1)
  A vampire mage (Depths:1)
  Urug (Lair:2)
  8 skeletal warriors
  3 unseen horrors
  19 swamp dragons
  4 deep trolls
  11 shambling mangroves
  7 hill giants
  6 orc knights
  A phantasmal warrior (D:12)
  A wolf spider zombie (D:12)
  2 deep elf archers
  14 deep elf magi
  5 griffons
  5 cyclopes
  A wolf spider (D:15)
  3 oklob plants
  4 orc sorcerers
  5 manticores
  10 ugly things
  5 hornets
  18 elephants
  2 molten gargoyles (Lair:4)
  7 black mambas
  20 spiny frogs
  2 gargoyles (D:15)
  5 centaur skeletons
  A rime drake (Lair:5)
  A yaktaur (shapeshifter) (D:15)
  5 efreet
  8 komodo dragons
  4 yaktaurs
  A spriggan druid (Lair:8)
  3 giant leeches
  8 trolls
  7 jumping spiders (Lair:3)
  A harpy zombie (D:15)
  A queen bee (shapeshifter) (D:15)
  5 polar bears
  3 two-headed ogres (Depths:1)
  A two-headed ogre (shapeshifter) (D:14)
  A giant leech (shapeshifter) (D:15)
  Prince Ribbit (D:5)
  29 slime creatures
  29 blink frogs
  6 bog bodies
  20 spriggans
  5 shadows
  A tarantella (Depths:1)
  The ghost of Heedrag the Conjurer, an amateur DECj (D:5)
  A centaur simulacrum (D:15)
  A vampire (D:15)
  9 redbacks
  3 wyverns
  5 water elementals (Depths:1)
  4 wraiths
  21 yaks
  8 hippogriffs
  4 fire elementals (D:14)
  4 vampire mosquitoes
  A basilisk (Lair:5)
  Grum (Lair:1)
  2 hungry ghosts
  5 mottled dragons
  3 wargs
  3 insubstantial wisps (Swamp:3)
  16 swamp worms
  3 hell hounds (D:14)
  A water moccasin (shapeshifter) (D:13)
  A hornet simulacrum (D:14)
  7 water moccasins
  5 porcupines
  10 black bears
  An eye of draining (D:15)
  2 eyes of draining (shapeshifter) (D:15)
  30 orc warriors
  3 ice beasts
  5 sky beasts
  21 swamp drakes
  33 wasps
  16 ogres
  2 phantoms
  39 wolves
  10 centaurs
  12 crocodiles
  22 giant frogs
  A wyvern skeleton (D:9)
  7 scorpions
  3 spriggan skeletons (D:11)
  10 wights
  3 electric eels
  5 howler monkeys
  4 crimson imps
  A wasp zombie (D:9)
  5 lava snakes (Lair:4)
  6 centaur zombies
  4 giant frog zombies
  6 hounds
  3 jellies
  11 orc priests
  A quasit (D:8)
  A giant frog skeleton (D:8)
  15 orc wizards
  15 iguanas
  2 hell rats (Lair:1)
  15 worker ants
  39 sheep
  A hound zombie (D:6)
  A worker ant zombie (D:6)
  9 adders
  87 river rats
  6 shadow imps
  2 oozes
  2 adder skeletons
  7 worms
  4 dart slugs
  7 giant geckos
  39 orcs
  2 ball pythons
  9 giant cockroaches
  11 goblins
  7 hobgoblins
  10 jackals
  10 quokkas
  2 ball python skeletons
  6 bats
  A giant gecko zombie (D:5)
  3 giant newts
  A jackal skeleton (D:6)
  9 kobolds
  9 rats
  2 fungi
1124 creatures vanquished.

Vanquished Creatures (collateral kills)
  A fire dragon (D:15)
  Josephine (Lair:7)
  Erolcha (D:13)
  A hydra (Swamp:4)
  A swamp dragon (Swamp:4)
  A deep elf archer (D:15)
  An ugly thing (D:15)
  A wraith (Lair:7)
  4 orc warriors (Orc:2)
  An ogre (Orc:2)
  A giant frog (D:13)
14 creatures vanquished.

Vanquished Creatures (others)
  A centaur skeleton (D:15)
  A shadow (D:15)
  4 humans (D:15)
  A swamp drake (Swamp:4)
  A sky beast (D:15)
  2 briar patches (Swamp:4)
  11 fungi
  18 plants
39 creatures vanquished.

Grand Total: 1177 creatures vanquished

Notes
Turn   | Place    | Note
--------------------------------------------------------------
     0 | D:1      | Mesmaeker13 the Ogre Gladiator began the quest for the Orb.
     0 | D:1      | Reached XP level 1. HP: 22/22 MP: 1/1
   401 | D:1      | Reached skill level 3 in Fighting
   401 | D:1      | Reached XP level 2. HP: 31/31 MP: 2/2
   489 | D:1      | Found a sparkling altar of Nemelex Xobeh.
   827 | D:1      | Reached XP level 3. HP: 35/37 MP: 3/3
  1278 | D:2      | Reached skill level 4 in Fighting
  1729 | D:2      | Reached XP level 4. HP: 36/48 MP: 4/4
  1837 | D:2      | Found a snail-covered altar of Cheibriados.
  2806 | D:2      | Reached skill level 5 in Maces & Flails
  3406 | D:3      | Reached XP level 5. HP: 53/55 MP: 5/5
  3438 | D:3      | Found a shattered altar of Ashenzari.
  3656 | D:3      | Found a sparkling altar of Nemelex Xobeh.
  3808 | D:4      | Reached skill level 5 in Fighting
  3856 | D:4      | Reached XP level 6. HP: 49/66 MP: 6/6
  4563 | D:5      | Entered Level 5 of the Dungeon
  4567 | D:5      | Noticed Heedrag's ghost (amateur DECj)
  4733 | D:5      | Noticed Prince Ribbit
  4937 | D:6      | Reached skill level 6 in Fighting
  4937 | D:6      | Reached skill level 1 in Armour
  4937 | D:6      | Reached XP level 7. HP: 32/75 MP: 7/7
  5105 | D:6      | Found a burning altar of Makhleb.
  5124 | D:6      | Became a worshipper of Makhleb the Destroyer
  5170 | D:6      | Found Suugimum's Distillery.
  5188 | D:6      | Bought a potion of heal wounds for 60 gold pieces
  5188 | D:6      | Bought a potion of heal wounds for 60 gold pieces
  5188 | D:6      | Bought a potion of might for 48 gold pieces
  5664 | D:6      | Got an ancient spear
  5714 | D:6      | Reached skill level 7 in Fighting
  5842 | D:6      | Identified the +1 spear "Jooshra" {freeze, Str+8} (You found it on level 6 of the Dungeon)
  5903 | D:5      | Reached XP level 8. HP: 87/87 MP: 8/8
  5949 | D:5      | Found a staircase to the Ecumenical Temple.
  6115 | D:5      | Reached skill level 1 in Invocations
  6138 | D:5      | Killed Prince Ribbit
  6229 | D:5      | Killed Heedrag's ghost
  6229 | D:5      | Reached skill level 8 in Fighting
  6627 | D:7      | Found an iron altar of Okawaru.
  6949 | D:7      | Reached * piety under Makhleb
  6960 | D:7      | Found a basalt altar of Yredelemnul.
  7108 | D:7      | Reached XP level 9. HP: 92/97 MP: 12/12
  7138 | D:7      | Found a glowing silver altar of Zin.
  7138 | D:7      | Found a blossoming altar of Fedhas.
  7153 | D:7      | Found a deep blue altar of Sif Muna.
  7181 | D:7      | Reached skill level 9 in Fighting
  7722 | D:8      | Reached skill level 5 in Invocations
  7736 | D:8      | Got a slimy large shield
  7737 | D:8      | Identified the +6 large shield of Divine Compulsion {Regen+ rCorr Dex-3 SInv} (You found it on level 8 of the Dungeon)
  7842 | D:8      | Found a white marble altar of Elyvilon.
  7927 | D:8      | Reached skill level 5 in Armour
  8191 | D:9      | Reached ** piety under Makhleb
  8288 | D:9      | Reached skill level 10 in Fighting
  8369 | D:9      | Reached skill level 1 in Shields
  8464 | D:9      | Found a shadowy altar of Dithmenos.
  8490 | D:9      | Reached XP level 10. HP: 111/111 MP: 13/13
  8664 | D:9      | Reached skill level 10 in Maces & Flails
  8769 | D:9      | Found a bloodstained altar of Trog.
  8893 | D:10     | Entered Level 10 of the Dungeon
  9163 | D:10     | Reached skill level 11 in Fighting
  9273 | D:10     | Noticed a hill giant
  9289 | D:10     | Killed a hill giant
  9420 | D:10     | Found a portal to a secret trove of treasure.
  9550 | D:10     | Found a staircase to the Lair.
  9682 | D:11     | Reached *** piety under Makhleb
  9864 | D:11     | Found Fucvod's Jewellery Emporium.
  9892 | D:11     | Noticed a hill giant
  9900 | D:11     | Killed a hill giant
  9900 | D:11     | Reached XP level 11. HP: 114/123 MP: 15/15
 10056 | D:11     | Killed an unseen horror
 10408 | D:11     | Reached skill level 12 in Fighting
 10713 | D:12     | Noticed a manticore
 10727 | D:12     | Killed a manticore
 10955 | D:12     | Found a staircase to the Orcish Mines.
 11062 | D:12     | Noticed a death knight
 11062 | D:12     | Noticed a skeletal warrior
 11062 | D:12     | Noticed a phantasmal warrior
 11082 | D:12     | HP: 4/123 [phantasmal warrior[a death knight] (25)]
 11083 | D:12     | HP: 1/123 [skeletal warrior/trident[a death knight] (2)]
 11394 | Lair:1   | Entered Level 1 of the Lair of Beasts
 11429 | Lair:1   | Noticed Grum
 11452 | Lair:1   | Killed Grum
 11845 | Lair:1   | Reached **** piety under Makhleb
 12064 | Lair:1   | Noticed Erica
 12077 | Lair:1   | Killed Erica
 12744 | Lair:2   | Noticed Urug
 12755 | Lair:2   | Killed Urug
 12755 | Lair:2   | Reached XP level 12. HP: 59/133 MP: 18/18
 12842 | Lair:2   | Reached skill level 13 in Fighting
 12884 | Lair:2   | Got a scorched trident
 13037 | Lair:2   | Noticed a four-headed hydra
 13048 | Lair:2   | Killed a four-headed hydra
 13593 | Lair:3   | Identified Zoedd's Disquisition on the Congealing Compass
 13786 | Lair:3   | Reached ***** piety under Makhleb
 14037 | Lair:3   | Reached skill level 14 in Fighting
 14083 | Lair:3   | Noticed Gastronok
 14102 | Lair:3   | Killed Gastronok
 14125 | Lair:3   | Reached XP level 13. HP: 146/146 MP: 20/20
 14286 | Lair:3   | Found a hole to the Spider Nest.
 14649 | Lair:4   | Reached skill level 10 in Invocations
 15006 | Lair:4   | Reached ****** piety under Makhleb
 15753 | Lair:5   | Got an iridescent flail
 15755 | Lair:5   | Identified the +7 flail "Ifuv Koe" {venom, Fragile rC++ rN+++ MP+9} (You found it on level 5 of the Lair of Beasts)
 15795 | Lair:5   | Reached skill level 15 in Maces & Flails
 16017 | Lair:5   | Reached skill level 15 in Fighting
 16583 | Lair:6   | Reached XP level 14. HP: 159/159 MP: 22/22
 16657 | Lair:6   | Found a staircase to the Swamp.
 16799 | Lair:6   | Found a viscous altar of Jiyva.
 16799 | Lair:6   | Found a staircase to the Slime Pits.
 16851 | Lair:6   | Reached skill level 10 in Armour
 17221 | Lair:7   | You fall through a shaft!
 17221 | Lair:8   | Entered Level 8 of the Lair of Beasts
 17646 | Lair:7   | Noticed Josephine
 17668 | Lair:7   | Killed Josephine
 17673 | Lair:7   | Noticed Rupert
 17677 | Lair:7   | Reached skill level 5 in Shields
 17697 | Lair:7   | Paralysed by Rupert for 2 turns
 17714 | Lair:7   | Killed Rupert
 18190 | Lair:8   | Reached skill level 16 in Fighting
 19697 | Lair:4   | Noticed Harold
 19707 | Lair:4   | Killed Harold
 19729 | Lair:4   | Reached XP level 15. HP: 171/171 MP: 24/24
 21155 | D:13     | Noticed Erolcha
 21162 | D:13     | Killed Erolcha
 21180 | D:13     | Noticed Snorg
 21196 | D:13     | Killed Snorg
 21321 | D:14     | Gained mutation: Your flesh is cold resistant. [potion of mutation]
 21321 | D:14     | Gained mutation: Your muscles are strong. (Str +2) [potion of mutation]
 21321 | D:14     | Gained mutation: Your muscles are very strong. (Str +4) [potion of mutation]
 21438 | D:14     | Noticed Azrael
 21461 | D:14     | Killed Azrael
 21645 | Orc:1    | Entered Level 1 of the Orcish Mines
 21713 | Orc:1    | Found Qazxusme's Distillery.
 21927 | Orc:1    | Reached skill level 17 in Fighting
 21984 | Orc:1    | Noticed an orc warlord
 22007 | Orc:1    | Killed an orc warlord
 22191 | Orc:2    | Entered Level 2 of the Orcish Mines
 22194 | Orc:2    | Found a staircase to the Elven Halls.
 22234 | Orc:2    | Noticed an orc warlord
 22365 | Orc:2    | Killed an orc warlord
 22435 | Orc:2    | Found Vyhau's Antique Armour Shop.
 22570 | Orc:2    | Found Uweuc's Jewellery Shop.
 22623 | Orc:2    | Found Cuyppoust's Antique Weapon Emporium.
 22735 | Orc:2    | Found Equ Wupn's General Store.
 22743 | Orc:2    | Bought a potion of curing for 48 gold pieces
 22743 | Orc:2    | Bought a phantom mirror for 480 gold pieces
 23254 | D:13     | Reached XP level 16. HP: 165/183 MP: 26/26
 23492 | D:13     | Found a gate to the Vaults.
 23687 | D:13     | You fall through a shaft for 2 floors!
 23687 | D:15     | Entered Level 15 of the Dungeon
 23687 | D:15     | Found an opulent altar of Gozag.
 23687 | D:15     | Found a white marble altar of Elyvilon.
 23687 | D:15     | Found a basalt altar of Yredelemnul.
 24696 | Swamp:1  | Entered Level 1 of the Swamp
 25442 | Swamp:1  | You fall through a shaft!
 25692 | Swamp:1  | Reached skill level 18 in Fighting
 26699 | Swamp:2  | HP: 9/185 [poison (poison gas)]
 27030 | Swamp:3  | Noticed a tentacled monstrosity
 27172 | Swamp:3  | Noticed a thorn hunter
 27243 | Swamp:3  | Noticed a thorn hunter
 27260 | Swamp:3  | Killed a thorn hunter
 27415 | Swamp:3  | Reached XP level 17. HP: 196/196 MP: 28/28
 27966 | Swamp:3  | Got a dazzling spear
 28111 | Swamp:3  | Reached skill level 15 in Invocations
 28243 | Swamp:3  | Killed a tentacled monstrosity
 28772 | Swamp:4  | Entered Level 4 of the Swamp
 29784 | D:6      | Bought a potion of resistance for 120 gold pieces
 29784 | D:6      | Bought a potion of curing for 36 gold pieces
 29784 | D:6      | Bought a potion of might for 48 gold pieces
 29784 | D:6      | Bought 2 potions of heal wounds for 120 gold pieces
 30372 | D:15     | Found a staircase to the Depths.
 30495 | D:15     | Noticed Kirke
 30503 | D:15     | Killed Kirke
 30503 | D:15     | Reached skill level 19 in Fighting
 30706 | D:15     | Reached skill level 5 in Throwing
 31016 | D:15     | Reached XP level 18. HP: 208/208 MP: 29/29
 31076 | D:15     | Identified the Disquisition on Talismans and Confrontation
 31099 | D:15     | Got a smoking halberd {pain}
 31478 | Depths:1 | Entered Level 1 of the Depths
 31670 | Depths:1 | Found a one-way gate to the infinite horrors of the Abyss.
 31696 | Depths:1 | Noticed a lich
 31726 | Depths:1 | Killed a lich
 32060 | Depths:1 | Found a one-way gate leading to the halls of Pandemonium.
 32285 | Depths:1 | Found a gateway to Hell.
 32740 | Lair:1   | Identified the +5 halberd "Odayvata" {pain, Int+6} (You took it off a fire giant on level 15 of the Dungeon)
 33166 | Swamp:4  | Noticed the 27-headed Lernaean hydra
 33197 | Swamp:4  | Gained mutation: You are robust (+10% HP). [potion of beneficial mutation]
 34119 | Elf:1    | Entered Level 1 of the Elven Halls
 34775 | Orc:2    | Bought a glowing dire flail for 120 gold pieces
 35215 | Depths:1 | Reached skill level 20 in Fighting
 35759 | Depths:1 | HP: 8/231 [deep troll (7)]
 35760 | Depths:1 | HP: 2/231 [deep troll (6)]
 35761 | Depths:1 | Slain by a deep troll

Skill      XL: |  1  2  3  4  5  6  7  8  9 10 11 12 13 14 15 16 17 18 |
---------------+-------------------------------------------------------+-----
Fighting       | 3 4 5 6 7 8 10 11 12 14 15 16 17 18 19 20 | 20.0
Dodging        | 3 4 |  4.1
Maces & Flails | 5 6 7 8 9 11 12 14 15 16 17 18 19 | 19.3
Armour         | 1 2 4 5 6 7 8 9 10 11 12 13 | 13.4
Invocations    | 4 5 6 8 9 11 12 13 14 15 | 15.1
Shields        | 1 3 6 7 9 |  9.4
Throwing       | 5 8 |  8.0

Action                   |  1- 3 |  4- 6 |  7- 9 | 10-12 | 13-15 | 16-18 || total
-------------------------+-------+-------+-------+-------+-------+-------++-------
Melee: Flail             |   110 |   224 |    98 |       |  1286 |  1611 ||  3329
       Spear             |       |       |   116 |       |       |       ||   116
       Giant club        |       |       |    16 |       |       |       ||    16
       Giant spiked club |       |       |    83 |   473 |   183 |   134 ||   873
       Morningstar       |       |       |    62 |    70 |       |       ||   132
 Fire: Blowgun           |       |    19 |     8 |    18 |       |       ||    45
Throw: Throwing net      |     1 |     5 |       |     1 |     1 |     1 ||     9
Invok: Lesser Servant of |       |       |       |       |     7 |     1 ||     8
       Major Destruction |       |       |       |       |     1 |       ||     1
       Greater Servant o |       |       |       |       |     3 |     3 ||     6
Evoke: Wand              |       |     1 |     8 |     1 |     2 |     1 ||    13
  Use: Scroll            |       |    10 |     6 |     9 |    11 |    16 ||    52
       Potion            |       |       |     2 |     6 |     3 |    18 ||    29
 Stab: Sleeping          |     1 |     1 |       |       |       |       ||     2
       Held in net/web   |       |     1 |       |       |     1 |     1 ||     3
       Distracted        |       |     1 |       |       |     1 |       ||     2
       Confused          |       |       |       |       |       |     1 ||     1
  Eat: Chunk             |     3 |    10 |     6 |    20 |    32 |    18 ||    89
       Pizza             |       |       |     1 |     2 |       |     1 ||     4
       Bread ration      |       |       |     1 |       |       |     4 ||     5
       Fruit             |       |       |       |     1 |       |     7 ||     8
Armor: Robe              |    31 |    46 |       |       |       |       ||    77
       Ice dragon armour |       |     8 |   139 |   334 |   393 |   680 ||  1554
Dodge: Dodged            |    48 |   138 |   276 |   462 |   385 |   677 ||  1986
Block: Large shield      |       |       |    58 |    91 |  1081 |  1629 ||  2859
